 Dungeon Crawl Stone Soup version 0.30-a0-630-g881e3bac89 (webtiles) character file.

Game seed: 8473630690792906968

17 Dartaoz the Caller (level 2, -1/15 HPs)
             Began as a Deep Elf Summoner on Jan 13, 2023.
             Slain by a jackal (2 damage)
             ... on level 1 of the Dungeon.
             The game lasted 00:03:50 (763 turns).

Dartaoz the Caller (Deep Elf Summoner)               Turns: 763, Time: 00:03:51

Health: -1/15      AC:  2    Str:  5    XL:     2   Next: 44%
Magic:  5/8        EV: 12    Int: 19    God:
Gold:   82         SH:  0    Dex: 15    Spells: 4/7 levels left

rFire   . . .      SeeInvis .    (no weapon)
rCold   . . .      Faith    .    (no shield)
rNeg    . . .      Spirit   .    a - +0 robe
rPois   .          Reflect  .    (no helmet)
rElec   .          Harm     .    (no cloak)
rCorr   .          Rampage  .    (no gloves)
Will    .....                    (no boots)
Stlth   ++                       (no amulet)
HPRegen 0.22/turn                (no ring)
MPRegen 0.11/turn                (no ring)

@: no status effects
A: no striking features
a: no special abilities


You were on level 1 of the Dungeon.
You visited 1 branch of the dungeon, and saw 1 of its levels.

You collected 82 gold pieces.

Inventory:

Armour
 a - a +0 robe (worn)
Scrolls
 d - a scroll of magic mapping {unknown}
 e - a scroll of immolation {unknown}
 f - a scroll of amnesia {unknown}
Potions
 b - a potion of magic
 c - a potion of flight {unknown}


   Skills:
 - Level 2.4 Dodging
 - Level 2.4 Stealth
 - Level 3.0 Spellcasting
 + Level 5.2 Summonings


You had 4 spell levels left.
You knew the following spells:

 Your Spells              Type           Power      Damage    Failure   Level
a - Summon Small Mammal   Summ           88%        N/A       1%          1
b - Call Imp              Summ           22%        N/A       2%          2

Your spell library contained the following spells:

 Spells                   Type           Power      Damage    Failure   Level
 Call Canine Familiar     Summ           22%        N/A       5%          3
 Summon Guardian Golem    Hex/Summ       12%        N/A       16%         3
 Summon Lightning Spire   Summ/Air       12%        N/A       45%         4


Dungeon Overview and Level Annotations

Branches:
Dungeon (1/15)

Altars:


Message History

Your crimson imp hits the jackal.
Your rat barely misses the jackal.
Your bat closely misses the jackal.
The jackal barely misses you.
The jackal closely misses your crimson imp.
Your crimson imp hits the jackal but does no damage.
Your rat bites the jackal but does no damage.
You closely miss the jackal.
The jackal is almost dead.
The jackal closely misses you. The jackal misses your crimson imp.
Your bat misses the jackal. The jackal bites your crimson imp.
The jackal bites you.
Your rat misses the jackal.
Your crimson imp closely misses the jackal.
You hit the jackal but do no damage.
The jackal is almost dead.
Your bat hits the jackal.
The jackal dies!
Your crimson imp hits the jackal.
The jackal dies!
A jackal comes into view.
Your bat hits the jackal but does no damage.
Your bat hits the jackal but does no damage.
Your rat barely misses the jackal.
Your bat misses the jackal. The jackal misses you.
Your rat closely misses the jackal.
The jackal attacks as you move away! The jackal bites you.
Your crimson imp disappears in a puff of smoke!
Your bat barely misses the jackal.
Your rat closely misses the jackal.
The jackal bites you.
Your bat completely misses the jackal.
Your rat closely misses the jackal.
The jackal bites you. The jackal bites you.
Your rat misses the jackal.
Your bat barely misses the jackal.
You hit the jackal but do no damage. Your bat hits the jackal.
The jackal bites you.
* * * LOW HITPOINT WARNING * * *
Your rat barely misses the jackal.
You closely miss the jackal.
The jackal is lightly wounded.
The jackal bites you.
* * * LOW HITPOINT WARNING * * *
Your bat barely misses the jackal.
The jackal bites you.
You die...

####### ......#
......+ . ......##..
##########
..........
+........# ......##.
#..@†### ......#
#.)h...# ......#####
#.br...# ######
..........#
#...####.# #....#
...##.....#
#......>.####.##.###
##.##.....#
#....######...##....
>..##.....#
#.#)...........#.#.#
#..##.....#
#.##.######....#.#.#
...########
#.##...####..#.###.#


You could see a jackal (ally target), a friendly bat (summoned) and a friendly
rat (summoned).

Vanquished Creatures (collateral kills)
  3 endoplasms (D:1)
  A giant cockroach (D:1)
  A goblin (D:1)
  A hobgoblin (D:1)
  3 jackals (D:1)
  2 kobolds (D:1)
  A ball python (D:1)
  A bat (D:1)
  A frilled lizard (D:1)
14 creatures vanquished.

Notes
Turn   | Place    | Note
-------+----------+-------------------------------------------
     0 | D:1      | Dartaoz the Deep Elf Summoner began the quest for the Orb.
     0 | D:1      | Reached XP level 1. HP: 10/10 MP: 6/6
   339 | D:1      | Reached XP level 2. HP: 15/15 MP: 5/8
   342 | D:1      | Learned a level 2 spell: Call Imp
   459 | D:1      | Reached skill level 5 in Summonings
   763 | D:1      | Slain by a jackal

Illustrated notes

Levels and vault maps discovered:
D:1:      dpeg_arrival_rooms_c, layout_basic

Skill      XL: |  1  2 |
---------------+-------+-----
Summonings     | 5 |  5.2
Dodging        | |  2.4
Stealth        | |  2.4
Spellcasting   | |  3.0

Action                   || total
-------------------------++-------
Melee: Unarmed           ||     8
 Cast: Summon Small Mamm ||    23
       Call Imp          ||     3
Armor: Robe              ||     9
Dodge: Dodged            ||    19

Table legend: (Time is in decaauts)
 A = Elapsed time spent in this place.
 B = Non-inter-level travel time spent in this place.
 C = Inter-level travel time spent in this place.
 D = Time resting spent in this place.
 E = Time spent auto-exploring this place.
 F = Levels seen in this place.
 G = Mean time per level.
                   A        B        C        D        E       F      G
               +--------+--------+--------+--------+--------+-----+--------+
         Total |    763 |    763 |      0 |      0 |    585 |   1 |  763.0 |
       Dungeon |    763 |    763 |      0 |      0 |    585 |   1 |  763.0 |
               +--------+--------+--------+--------+--------+-----+--------+

Top non-repeatable levels by time:
     D:1: 763 daAuts
